Golden Seals vs Penguins

Created - 19 mars 2024 at 13:53

Goals
1 2 3 OT1 SO T
Golden Seals 0 1 2 0 0 3
Penguins 0 1 2 0 1 4
Shots
1 2 3 OT1 SO T
Golden Seals 15 10 11 3 3 39
Penguins 12 15 13 2 2 42

GoalsPenalties
1st period
No Goal
T.J. Oshie (PIT) for Slashing (Minor) at 17:54
2nd period
1. Golden Seals , Jonatan Berggren 8 (Barclay Goodrow 7, Ondrej Kase 7) at 7:58
2. Penguins , T.J. Oshie 16 (Mikael Granlund 25) at 14:40 (PP)
Dysin Mayo (CLF) for High sticking (Minor) at 14:31
Max Domi (CLF) for Hooking (Minor) at 16:34
3rd period
3. Golden Seals , Max Domi 25 (Thomas Harley 9) at 0:37
4. Penguins , Charlie Coyle 23 (Mikael Granlund 26) at 0:43 (PP)
5. Penguins , Matthew Beniers 16 (Ethan Bear 6) at 1:17
6. Golden Seals , Barclay Goodrow 3 (Bobby Brink 5) at 9:28
Jaden Schwartz (CLF) for Holding (Minor) at 0:42
Cale Makar (PIT) for Holding Stick (Minor) at 2:47
Overtime #1
No Goal
Shootout
Golden Seals, Nick Suzuki - Stopped by Jack Campbell
Penguins, J.T. Miller - Stopped by Andrei Vasilevskiy
Golden Seals, Jason Robertson - Shot Misses the Net
Penguins, T.J. Oshie - Goal!
Golden Seals, Tyler Toffoli - Stopped by Jack Campbell
Goalie Stats
Andrei Vasilevskiy (CLF), 39 saves from 42 shots - (0,929), OTL, 26-11-8, 65:00 minutes
Jack Campbell (PIT), 36 saves from 39 shots - (0,923), W, 12-20-2, 65:00 minutes
3 StarsOfficial
1 - Barclay Goodrow (CLF)
2 - Matthew Beniers (PIT)
3 - Jonatan Berggren (CLF)
Referees : Francois St-Laurent and Gord Dwyer
Linesman : Trent Knorr and Darren Gibbs
Game Note
No Game Note
Finance
Level 1 -- Attendance: 5803 (96,72%) -- Ticket Income $493,255
Level 2 -- Attendance: 4874 (97,48%) -- Ticket Income $292,440
Level 3 -- Attendance: 2000 (100,00%) -- Ticket Income $70,000
Level 4 -- Attendance: 3838 (95,95%) -- Ticket Income $76,760
Luxury Box -- Attendance: 961 (96,10%) -- Ticket Income $172,980
Game was played at the Consol Energy Center.
Total Attendance: 17476 (97,09%)
Total Ticket Income: $1,105,435
Other Income: $541,663
Total Income: $1,647,098



Team Name Goals Shots Shots Attemp Shots Blocked PIM HIT PP PK FO%
Golden Seals 3397196230 / 2 (0%)260%
Penguins 44263104212 / 3 (67%)040%

Golden Seals
Player Name POS G A P +/- PIM HIT SHT SB MP PP MP PP SHT PK MP PK SHT FO% FOT GA TA
Barclay GoodrowC/LW/RW112200407:420:1300:340100% 200
Bobby BrinkRW0110001112:500:2200:0000% 000
Cody CeciD0000011123:180:0001:1900% 001
Colton ParaykoD0000023027:422:3001:1900% 000
Dysin MayoD0000211118:200:0000:5000% 000
Jaden SchwartzLW/RW0000236018:141:5120:0000% 110
Jake McCabeD0000031221:371:2800:5000% 000
Jason RobertsonLW/RW0000011023:151:4501:20060% 500
Jonatan BerggrenC/LW/RW101200107:530:3600:0000% 000
Jonathan ToewsC0000014016:382:3010:10054% 1310
Max DomiC/LW1010232019:201:5100:0000% 000
Nick SuzukiC/RW0000004023:381:4501:25069% 3200
Ondrej KaseLW/RW011200106:550:0000:0000% 000
Robby FabbriC/LW/RW0000012114:161:2800:0000% 000
Robert HaggD0002030014:530:0000:0000% 000
Thomas HarleyD0112010114:530:0000:0000% 000
Tyler ToffoliC/LW/RW0000023121:001:4000:0000% 101
William KarlssonC0000014120:241:5100:49053% 1900
Penguins
Player Name POS G A P +/- PIM HIT SHT SB MP PP MP PP SHT PK MP PK SHT FO% FOT GA TA
Auston MatthewsC0001013018:040:0000:1000% 210
Cale MakarD000-1221121:330:0000:4200% 011
Chad RuhwedelD0000011117:431:2700:4500% 000
Charlie CoyleC/LW/RW101-1019022:391:1510:19033% 300
Curtis LazarC/RW000-1032122:240:0001:2800% 100
Derek RyanC000001006:570:0000:0000% 000
Dmitry OrlovD000-1010022:401:2701:5000% 000
Ethan BearD011-1002322:530:4202:1900% 000
J.T. MillerC/LW/RW000-1038022:010:5400:00057% 3000
Lawson CrouseLW/RW0001022121:330:5411:50050% 200
Matt NietoLW/RW000000006:570:0000:0000% 000
Matthew BeniersC1011017018:100:5410:00047% 1700
Mikael GranlundC/LW/RW022-2002016:121:1502:01025% 800
Miles WoodLW/RW000000000:140:0000:0800% 000
Ryan MurrayD0000000016:120:0000:2400% 000
Stefan NoesenLW/RW000-2010011:110:0001:0100% 000
T.J. OshieC/LW/RW101-2243019:381:1510:5900% 1000
Troy StecherD000000000:130:0000:1200% 000
Tyler MyersD000-1002323:460:4201:4400% 001

Golden Seals

5 vs 5 Forward
Line #Left WingCenterRight WingPHYDFOFWanted %Time %Time Play
1Tyler ToffoliNick SuzukiJason Robertson0233735%18:39
2Max DomiWilliam KarlssonJaden Schwartz0233030%16:08
3Robby FabbriJonathan ToewsBobby Brink0232323%12:28
4Jonatan BerggrenBarclay GoodrowOndrej Kase0231012%6:38
5 vs 5 Defense
Line #DefenseDefensePHYDFOFWanted %Time %Time Play
1Colton ParaykoCody Ceci0414040%21:28
2Jake McCabeDysin Mayo0413333%17:32
3Robert HaggThomas Harley0412728%14:53
4Cody CeciJake McCabe12200%0:00
Power Play Forward
Line #Left WingCenterRight WingPHYDFOFWanted %Time %Time Play
1Tyler ToffoliNick SuzukiJason Robertson0056053%2:07
2Max DomiWilliam KarlssonJaden Schwartz0054047%1:51
Power Play Defense
Line #DefenseDefensePHYDFOFWanted %Time %Time Play
1Jonathan ToewsColton Parayko0146063%2:30
2Robby FabbriJake McCabe0144037%1:28
Penalty Kill 4 Players Forward
Line #CenterWingPHYDFOFWanted %Time %Time Play
1Jason RobertsonNick Suzuki1316092%1:59
2Jonathan ToewsWilliam Karlsson131408%0:10
Penalty Kill 4 Players Defense
Line #DefenseDefensePHYDFOFWanted %Time %Time Play
1Colton ParaykoCody Ceci1406061%1:19
2Jake McCabeDysin Mayo1404039%0:50
Penalty Kill 3 Players
Line #WingPHYDFOFWanted %Time %Time PlayDefenseDefensePHYDFOFWanted %Time %Time Play
1Nick Suzuki050600%0:00 Colton ParaykoCody Ceci050600%0:00
2William Karlsson050400%0:00 Jake McCabeDysin Mayo050400%0:00
4 vs 4 Forward
Line #CenterWingPHYDFOFWanted %Time %Time Play
1Nick SuzukiJason Robertson122600%0:00
2William KarlssonTyler Toffoli122400%0:00
4 vs 4 Defense
Line #DefensePHYDFOFWanted %Time %Time Play
1Colton ParaykoCody Ceci131600%0:00
2Jake McCabeDysin Mayo131400%0:00
Last Minutes Offensive
Left WingCenterRight WingDefenseDefense
Tyler ToffoliNick SuzukiJason RobertsonWilliam KarlssonJonathan Toews
Last Minutes Defensive
Left WingCenterRight WingDefenseDefense
Barclay GoodrowWilliam KarlssonNick SuzukiColton ParaykoCody Ceci
Time
Total ForwardTotal DefenseLast Minutes OffensiveLast Minutes Defensive
60:00 60:00 0:000:00
Extra Forwards
Normal PowerPlayPenalty Kill
Ondrej Kase, Jonatan Berggren, Barclay GoodrowJonatan Berggren, Bobby BrinkWilliam Karlsson
Extra Defensemen
Normal PowerPlayPenalty Kill
Jake McCabe, Thomas Harley, Cody CeciCody Ceci, Robert HaggCody Ceci
Penalty Shots
Nick Suzuki, Jason Robertson, Tyler Toffoli, Jonathan Toews, William Karlsson
Goalie
Andrei Vasilevskiy, Pheonix Copley
Custom OT Lines Forwards
Nick Suzuki, Jason Robertson, Tyler Toffoli, Jonathan Toews, William Karlsson, Max Domi, Jaden Schwartz, Robby Fabbri, Jonatan Berggren, Bobby Brink
Custom OT Lines Defensemen
Colton Parayko, Jake McCabe, Cody Ceci, Thomas Harley, Dysin Mayo
Scratches
Kurtis MacDermid (Healthy), Nick Cousins (Healthy)

Penguins

5 vs 5 Forward
Line #Left WingCenterRight WingPHYDFOFWanted %Time %Time Play
1Curtis LazarJ.T. MillerCharlie Coyle0143537%19:49
2Lawson CrouseMatthew BeniersAuston Matthews1223231%16:57
3Mikael GranlundT.J. OshieStefan Noesen1222119%10:10
4Matt NietoT.J. OshieDerek Ryan1311213%6:57
5 vs 5 Defense
Line #DefenseDefensePHYDFOFWanted %Time %Time Play
1Cale MakarDmitry Orlov1223535%18:53
2Tyler MyersEthan Bear1223537%19:52
3Chad RuhwedelRyan Murray1222020%10:37
4Chad RuhwedelRyan Murray140108%4:31
Power Play Forward
Line #Left WingCenterRight WingPHYDFOFWanted %Time %Time Play
1T.J. OshieMikael GranlundCharlie Coyle1136058%1:15
2Lawson CrouseMatthew BeniersJ.T. Miller1134042%0:54
Power Play Defense
Line #DefenseDefensePHYDFOFWanted %Time %Time Play
1Chad RuhwedelDmitry Orlov1226067%1:27
2Tyler MyersEthan Bear1224033%0:42
Penalty Kill 4 Players Forward
Line #CenterWingPHYDFOFWanted %Time %Time Play
1Mikael GranlundT.J. Oshie1226092%3:39
2Charlie CoyleLawson Crouse122408%0:19
Penalty Kill 4 Players Defense
Line #DefenseDefensePHYDFOFWanted %Time %Time Play
1Cale MakarDmitry Orlov1226056%2:14
2Tyler MyersEthan Bear1224044%1:44
Penalty Kill 3 Players
Line #WingPHYDFOFWanted %Time %Time PlayDefenseDefensePHYDFOFWanted %Time %Time Play
1Lawson Crouse122600%0:00 Ryan MurrayDmitry Orlov122600%0:00
2Charlie Coyle122400%0:00 Tyler MyersEthan Bear122400%0:00
4 vs 4 Forward
Line #CenterWingPHYDFOFWanted %Time %Time Play
1Charlie CoyleMikael Granlund122600%0:00
2Matthew BeniersLawson Crouse122400%0:00
4 vs 4 Defense
Line #DefensePHYDFOFWanted %Time %Time Play
1Chad RuhwedelDmitry Orlov122600%0:00
2Tyler MyersEthan Bear122400%0:00
Last Minutes Offensive
Left WingCenterRight WingDefenseDefense
Curtis LazarJ.T. MillerCharlie CoyleCale MakarDmitry Orlov
Last Minutes Defensive
Left WingCenterRight WingDefenseDefense
Curtis LazarJ.T. MillerCharlie CoyleCale MakarDmitry Orlov
Time
Total ForwardTotal DefenseLast Minutes OffensiveLast Minutes Defensive
60:00 60:00 0:000:00
Extra Forwards
Normal PowerPlayPenalty Kill
Mikael Granlund, T.J. Oshie, Charlie CoyleMikael Granlund, T.J. OshieMikael Granlund
Extra Defensemen
Normal PowerPlayPenalty Kill
Ethan Bear, Chad Ruhwedel, Ryan MurrayEthan Bear, Ethan BearChad Ruhwedel
Penalty Shots
J.T. Miller, T.J. Oshie, Charlie Coyle, Lawson Crouse, Mikael Granlund
Goalie
Jack Campbell, Spencer Knight
Custom OT Lines Forwards
Curtis Lazar, J.T. Miller, Charlie Coyle, Lawson Crouse, Mikael Granlund, T.J. Oshie, Auston Matthews, Matthew Beniers, Stefan Noesen, Matt Nieto
Custom OT Lines Defensemen
Cale Makar, Dmitry Orlov, Tyler Myers, Ethan Bear, Chad Ruhwedel
Scratches
None


Play-by-Play

1st period


0:01 of 1st period - Jason Robertson wins face-off versus J.T. Miller in neutral zone.
0:12 of 1st period - Wrist shot by Nick Suzuki.
0:12 of 1st period - Shot Blocked by Cale Makar.
0:15 of 1st period - Icing by Charlie Coyle.
0:16 of 1st period - William Karlsson wins face-off versus J.T. Miller in Penguins zone.
0:19 of 1st period - Snap shot by Max Domi.
0:19 of 1st period - Shot Misses the Net.
0:21 of 1st period - Slapshot by Dysin Mayo.
0:21 of 1st period - Stopped by Jack Campbell with a rebound.
0:23 of 1st period - Slapshot by William Karlsson.
0:23 of 1st period - Deflect By Jaden Schwartz.
0:23 of 1st period - Shot Misses the Net.
0:23 of 1st period - Puck is out of play.
0:24 of 1st period - William Karlsson wins face-off versus Auston Matthews in Penguins zone.
1:17 of 1st period - Slapshot by Nick Suzuki.
1:17 of 1st period - Stopped by Jack Campbell without a rebound.
1:18 of 1st period - Nick Suzuki wins face-off versus T.J. Oshie in Penguins zone.
1:45 of 1st period - Lawson Crouse is hit by Robert Hagg and loses puck.
2:28 of 1st period - Stefan Noesen is hit by Robert Hagg and loses puck.
3:22 of 1st period - Snap shot by Ondrej Kase.
3:22 of 1st period - Shot Blocked by Ethan Bear.
3:38 of 1st period - Snap shot by Mikael Granlund.
3:38 of 1st period - Stopped by Andrei Vasilevskiy with a rebound.
4:44 of 1st period - Slapshot by Ondrej Kase.
4:44 of 1st period - Shot Blocked by Chad Ruhwedel.
5:00 of 1st period - Snap shot by Bobby Brink.
5:00 of 1st period - Stopped by Jack Campbell without a rebound.
5:01 of 1st period - J.T. Miller wins face-off versus Jonathan Toews in Penguins zone.
5:06 of 1st period - Slapshot by J.T. Miller.
5:06 of 1st period - Shot Blocked by Robby Fabbri.
5:08 of 1st period - Slapshot by Ethan Bear.
5:08 of 1st period - Stopped by Andrei Vasilevskiy without a rebound.
5:09 of 1st period - Charlie Coyle wins face-off versus Nick Suzuki in Golden Seals zone.
5:33 of 1st period - Icing by Tyler Myers.
5:34 of 1st period - Matthew Beniers wins face-off versus William Karlsson in Penguins zone.
5:51 of 1st period - Lawson Crouse is hit by Jaden Schwartz and loses puck.
6:16 of 1st period - Ethan Bear is hit by Colton Parayko and loses puck.
6:50 of 1st period - Jonatan Berggren is hit by Curtis Lazar and loses puck.
7:46 of 1st period - Off-side.
7:47 of 1st period - Barclay Goodrow wins face-off versus Mikael Granlund in neutral zone.
8:35 of 1st period - Slapshot by Auston Matthews.
8:35 of 1st period - Stopped by Andrei Vasilevskiy without a rebound.
8:36 of 1st period - Matthew Beniers wins face-off versus William Karlsson in Golden Seals zone.
8:47 of 1st period - Slapshot by Matthew Beniers.
8:47 of 1st period - Stopped by Andrei Vasilevskiy without a rebound.
8:48 of 1st period - Nick Suzuki wins face-off versus T.J. Oshie in Golden Seals zone.
9:05 of 1st period - Wrist shot by Jason Robertson.
9:05 of 1st period - Stopped by Jack Campbell with a rebound.
9:14 of 1st period - Icing by Mikael Granlund.
9:15 of 1st period - William Karlsson wins face-off versus J.T. Miller in Penguins zone.
9:16 of 1st period - Wrist shot by Max Domi.
9:16 of 1st period - Shot Misses the Net.
9:40 of 1st period - Jake McCabe is hit by Chad Ruhwedel and loses puck.
9:47 of 1st period - Wrist shot by Matthew Beniers.
9:47 of 1st period - Stopped by Andrei Vasilevskiy with a rebound.
9:49 of 1st period - Snap shot by Lawson Crouse.
9:49 of 1st period - Deflect By Auston Matthews.
9:49 of 1st period - Shot Blocked by Tyler Toffoli.
9:49 of 1st period - Puck is out of play.
9:50 of 1st period - Matthew Beniers wins face-off versus Jonathan Toews in Golden Seals zone.
9:59 of 1st period - Wrist shot by Matthew Beniers.
9:59 of 1st period - Stopped by Andrei Vasilevskiy with a rebound.
10:05 of 1st period - Tyler Myers is hit by Colton Parayko and loses puck.
10:29 of 1st period - Wrist shot by Charlie Coyle.
10:29 of 1st period - Shot Misses the Net.
10:43 of 1st period - Wrist shot by Jaden Schwartz.
10:43 of 1st period - Stopped by Jack Campbell with a rebound.
10:45 of 1st period - Backhand shot by William Karlsson.
10:45 of 1st period - Stopped by Jack Campbell without a rebound.
10:46 of 1st period - Matthew Beniers wins face-off versus Jaden Schwartz in Penguins zone.
10:46 of 1st period - Matthew Beniers is hit by Jaden Schwartz.
10:54 of 1st period - Snap shot by Matthew Beniers.
10:54 of 1st period - Stopped by Andrei Vasilevskiy without a rebound.
10:55 of 1st period - Jonathan Toews wins face-off versus Matthew Beniers in Golden Seals zone.
11:06 of 1st period - Snap shot by Robby Fabbri.
11:06 of 1st period - Stopped by Jack Campbell without a rebound.
11:07 of 1st period - J.T. Miller wins face-off versus Nick Suzuki in Penguins zone.
12:37 of 1st period - Snap shot by Mikael Granlund.
12:37 of 1st period - Deflect By T.J. Oshie.
12:37 of 1st period - Stopped by Andrei Vasilevskiy without a rebound.
12:38 of 1st period - Nick Suzuki wins face-off versus T.J. Oshie in Golden Seals zone.
12:40 of 1st period - Icing by Tyler Toffoli.
12:41 of 1st period - Nick Suzuki wins face-off versus J.T. Miller in Golden Seals zone.
13:31 of 1st period - Wrist shot by Barclay Goodrow.
13:31 of 1st period - Stopped by Jack Campbell without a rebound.
13:32 of 1st period - Barclay Goodrow wins face-off versus T.J. Oshie in Penguins zone.
13:37 of 1st period - Wrist shot by Ondrej Kase.
13:37 of 1st period - Stopped by Jack Campbell without a rebound.
13:38 of 1st period - J.T. Miller wins face-off versus William Karlsson in Penguins zone.
13:47 of 1st period - Slapshot by J.T. Miller.
13:47 of 1st period - Deflect By Max Domi.
13:47 of 1st period - Stopped by Andrei Vasilevskiy without a rebound.
13:48 of 1st period - J.T. Miller wins face-off versus William Karlsson in Golden Seals zone.
13:49 of 1st period - Snap shot by Cale Makar.
13:49 of 1st period - Stopped by Andrei Vasilevskiy without a rebound.
13:50 of 1st period - Nick Suzuki wins face-off versus T.J. Oshie in Golden Seals zone.
13:50 of 1st period - Nick Suzuki is hit by Cale Makar.
13:56 of 1st period - Tyler Toffoli is hit by Cale Makar and loses puck.
14:25 of 1st period - Wrist shot by Charlie Coyle.
14:25 of 1st period - Stopped by Andrei Vasilevskiy with a rebound.
14:27 of 1st period - Slapshot by Charlie Coyle.
14:27 of 1st period - Stopped by Andrei Vasilevskiy with a rebound.
15:47 of 1st period - Jaden Schwartz is hit by Lawson Crouse and loses puck.
16:28 of 1st period - Snap shot by Max Domi.
16:28 of 1st period - Stopped by Jack Campbell with a rebound.
16:30 of 1st period - Wrist shot by William Karlsson.
16:30 of 1st period - Stopped by Jack Campbell with a rebound.
16:32 of 1st period - Slapshot by Robert Hagg.
16:32 of 1st period - Shot Blocked by Curtis Lazar.
16:34 of 1st period - Slapshot by Max Domi.
16:34 of 1st period - Shot Misses the Net.
16:38 of 1st period - Wrist shot by Jaden Schwartz.
16:38 of 1st period - Shot Blocked by Tyler Myers.
16:40 of 1st period - Snap shot by William Karlsson.
16:40 of 1st period - Shot Misses the Net.
16:42 of 1st period - Slapshot by William Karlsson.
16:42 of 1st period - Shot Misses the Net.
16:46 of 1st period - Snap shot by Jaden Schwartz.
16:46 of 1st period - Stopped by Jack Campbell without a rebound.
16:47 of 1st period - Nick Suzuki wins face-off versus Matthew Beniers in Penguins zone.
17:13 of 1st period - Dysin Mayo is hit by T.J. Oshie and loses puck.
17:39 of 1st period - Snap shot by Jason Robertson.
17:39 of 1st period - Shot Misses the Net.
17:47 of 1st period - Wrist shot by Nick Suzuki.
17:47 of 1st period - Shot Misses the Net.
17:54 of 1st period - Minor Penalty to T.J. Oshie for Slashing.
17:55 of 1st period - William Karlsson wins face-off versus Mikael Granlund in Penguins zone.
17:57 of 1st period - Wrist shot by Jaden Schwartz.
17:57 of 1st period - Stopped by Jack Campbell with a rebound.
17:59 of 1st period - Slapshot by Colton Parayko.
17:59 of 1st period - Shot Hit the Post.
18:03 of 1st period - Snap shot by Max Domi.
18:03 of 1st period - Deflect By Jaden Schwartz.
18:03 of 1st period - Stopped by Jack Campbell with a rebound.
18:05 of 1st period - Slapshot by Jonathan Toews.
18:05 of 1st period - Stopped by Jack Campbell with a rebound.
18:07 of 1st period - Backhand shot by Max Domi.
18:07 of 1st period - Shot Blocked by Tyler Myers.
19:35 of 1st period - Mikael Granlund is hit by Jason Robertson and loses puck.
19:54 of 1st period - Penalty to T.J. Oshie is over, T.J. Oshie is back on ice.
Goals for this period are 0 for Golden Seals vs 0 for Penguins.
Shots for this period are 15 for Golden Seals vs 12 for Penguins.

2nd period


0:01 of 2nd period - J.T. Miller wins face-off versus Jonathan Toews in neutral zone.
0:08 of 2nd period - Wrist shot by J.T. Miller.
0:08 of 2nd period - Deflect By Curtis Lazar.
0:08 of 2nd period - Stopped by Andrei Vasilevskiy without a rebound.
0:09 of 2nd period - J.T. Miller wins face-off versus Jonathan Toews in Golden Seals zone.
0:22 of 2nd period - Snap shot by Charlie Coyle.
0:22 of 2nd period - Stopped by Andrei Vasilevskiy with a rebound.
0:24 of 2nd period - Snap shot by Charlie Coyle.
0:24 of 2nd period - Shot Misses the Net.
0:26 of 2nd period - Slapshot by Tyler Myers.
0:26 of 2nd period - Deflect By Jonathan Toews.
0:26 of 2nd period - Stopped by Andrei Vasilevskiy without a rebound.
0:27 of 2nd period - Lawson Crouse wins face-off versus Tyler Toffoli in Golden Seals zone.
0:30 of 2nd period - Snap shot by Auston Matthews.
0:30 of 2nd period - Shot Misses the Net.
0:40 of 2nd period - Slapshot by Auston Matthews.
0:40 of 2nd period - Stopped by Andrei Vasilevskiy without a rebound.
0:41 of 2nd period - J.T. Miller wins face-off versus Jonathan Toews in Golden Seals zone.
0:48 of 2nd period - Wrist shot by Charlie Coyle.
0:48 of 2nd period - Shot Misses the Net.
0:50 of 2nd period - Wrist shot by J.T. Miller.
0:50 of 2nd period - Deflect By Charlie Coyle.
0:50 of 2nd period - Stopped by Andrei Vasilevskiy with a rebound.
0:52 of 2nd period - Snap shot by Curtis Lazar.
0:52 of 2nd period - Stopped by Andrei Vasilevskiy without a rebound.
0:53 of 2nd period - Matthew Beniers wins face-off versus Jonathan Toews in Golden Seals zone.
1:28 of 2nd period - Wrist shot by J.T. Miller.
1:28 of 2nd period - Shot Misses the Net.
1:46 of 2nd period - Wrist shot by Max Domi.
1:46 of 2nd period - Shot Misses the Net.
2:05 of 2nd period - Wrist shot by Auston Matthews.
2:05 of 2nd period - Shot Blocked by Jake McCabe.
2:43 of 2nd period - Snap shot by J.T. Miller.
2:43 of 2nd period - Stopped by Andrei Vasilevskiy with a rebound.
2:45 of 2nd period - Wrist shot by J.T. Miller.
2:45 of 2nd period - Stopped by Andrei Vasilevskiy with a rebound.
3:21 of 2nd period - Snap shot by Barclay Goodrow.
3:21 of 2nd period - Stopped by Jack Campbell without a rebound.
3:22 of 2nd period - J.T. Miller wins face-off versus Nick Suzuki in Penguins zone.
3:37 of 2nd period - Wrist shot by J.T. Miller.
3:37 of 2nd period - Shot Blocked by Jake McCabe.
3:47 of 2nd period - Auston Matthews is hit by Max Domi and loses puck.
4:16 of 2nd period - Off-side.
4:17 of 2nd period - Nick Suzuki wins face-off versus J.T. Miller in neutral zone.
4:25 of 2nd period - Off-side.
4:26 of 2nd period - Nick Suzuki wins face-off versus J.T. Miller in neutral zone.
4:35 of 2nd period - Slapshot by Nick Suzuki.
4:35 of 2nd period - Deflect By Tyler Toffoli.
4:35 of 2nd period - Shot Misses the Net.
4:35 of 2nd period - Puck is out of play.
4:36 of 2nd period - Matthew Beniers wins face-off versus Nick Suzuki in Penguins zone.
5:03 of 2nd period - J.T. Miller is hit by Jake McCabe and loses puck.
5:30 of 2nd period - Snap shot by Mikael Granlund.
5:30 of 2nd period - Shot Misses the Net.
5:32 of 2nd period - Slapshot by Ethan Bear.
5:32 of 2nd period - Stopped by Andrei Vasilevskiy with a rebound.
5:34 of 2nd period - Snap shot by Tyler Myers.
5:34 of 2nd period - Stopped by Andrei Vasilevskiy with a rebound.
5:46 of 2nd period - Snap shot by T.J. Oshie.
5:46 of 2nd period - Shot Blocked by Bobby Brink.
5:48 of 2nd period - Slapshot by Ethan Bear.
5:48 of 2nd period - Shot Blocked by Cody Ceci.
5:56 of 2nd period - Matt Nieto is hit by Cody Ceci and loses puck.
6:25 of 2nd period - Off-side.
6:26 of 2nd period - Nick Suzuki wins face-off versus Matthew Beniers in neutral zone.
6:39 of 2nd period - Dysin Mayo is hit by Dmitry Orlov and loses puck.
6:52 of 2nd period - Jaden Schwartz is hit by J.T. Miller and loses puck.
7:19 of 2nd period - Snap shot by William Karlsson.
7:19 of 2nd period - Shot Misses the Net.
7:21 of 2nd period - Snap shot by Jake McCabe.
7:21 of 2nd period - Shot Misses the Net.
7:23 of 2nd period - Slapshot by Dysin Mayo.
7:23 of 2nd period - Deflect By Jaden Schwartz.
7:23 of 2nd period - Stopped by Jack Campbell without a rebound.
7:24 of 2nd period - Nick Suzuki wins face-off versus J.T. Miller in Penguins zone.
7:39 of 2nd period - Robert Hagg is hit by J.T. Miller and loses puck.
7:56 of 2nd period - Slapshot by Barclay Goodrow.
7:56 of 2nd period - Shot Blocked by Ethan Bear.
7:58 of 2nd period - Snap shot by Jonatan Berggren.
7:58 of 2nd period - Goal by Jonatan Berggren - Golden Seals : 1 - Penguins : 0.
7:59 of 2nd period - Nick Suzuki wins face-off versus Matthew Beniers in neutral zone.
8:02 of 2nd period - Ethan Bear is hit by Tyler Toffoli and loses puck.
8:32 of 2nd period - Stefan Noesen is hit by Max Domi and loses puck.
9:12 of 2nd period - Dysin Mayo is hit by T.J. Oshie and loses puck.
10:25 of 2nd period - Slapshot by Ondrej Kase.
10:25 of 2nd period - Shot Misses the Net.
10:27 of 2nd period - Wrist shot by Barclay Goodrow.
10:27 of 2nd period - Stopped by Jack Campbell with a rebound.
10:29 of 2nd period - Slapshot by Ondrej Kase.
10:29 of 2nd period - Shot Misses the Net.
11:39 of 2nd period - Backhand shot by Tyler Toffoli.
11:39 of 2nd period - Stopped by Jack Campbell with a rebound.
12:53 of 2nd period - Icing by Thomas Harley.
12:54 of 2nd period - Nick Suzuki wins face-off versus Mikael Granlund in Golden Seals zone.
13:01 of 2nd period - Matt Nieto is hit by Thomas Harley and loses puck.
13:08 of 2nd period - Snap shot by Nick Suzuki.
13:08 of 2nd period - Shot Misses the Net.
13:51 of 2nd period - Snap shot by Jonathan Toews.
13:51 of 2nd period - Stopped by Jack Campbell with a rebound.
14:03 of 2nd period - J.T. Miller is hit by Jake McCabe and loses puck.
14:28 of 2nd period - Snap shot by T.J. Oshie.
14:28 of 2nd period - Stopped by Andrei Vasilevskiy without a rebound.
14:29 of 2nd period - Nick Suzuki wins face-off versus Matthew Beniers in Golden Seals zone.
14:31 of 2nd period - Minor Penalty to Dysin Mayo for High sticking.
14:32 of 2nd period - Mikael Granlund wins face-off versus Jason Robertson in Golden Seals zone.
14:40 of 2nd period - Slapshot by T.J. Oshie.
14:40 of 2nd period - Goal by T.J. Oshie - Golden Seals : 1 - Penguins : 1.
14:41 of 2nd period - Nick Suzuki wins face-off versus Auston Matthews in neutral zone.
16:31 of 2nd period - Slapshot by Charlie Coyle.
16:31 of 2nd period - Stopped by Andrei Vasilevskiy without a rebound.
16:32 of 2nd period - William Karlsson wins face-off versus Lawson Crouse in Golden Seals zone.
16:34 of 2nd period - Minor Penalty to Max Domi for Hooking.
16:35 of 2nd period - Jason Robertson wins face-off versus Mikael Granlund in Golden Seals zone.
17:09 of 2nd period - Wrist shot by Lawson Crouse.
17:09 of 2nd period - Stopped by Andrei Vasilevskiy without a rebound.
17:10 of 2nd period - Jason Robertson wins face-off versus Mikael Granlund in Golden Seals zone.
17:42 of 2nd period - Snap shot by Matthew Beniers.
17:42 of 2nd period - Stopped by Andrei Vasilevskiy with a rebound.
18:34 of 2nd period - Penalty to Max Domi is over, Max Domi is back on ice.
18:56 of 2nd period - Snap shot by Nick Suzuki.
18:56 of 2nd period - Stopped by Jack Campbell without a rebound.
18:57 of 2nd period - Jonathan Toews wins face-off versus Curtis Lazar in Penguins zone.
19:02 of 2nd period - Snap shot by Robby Fabbri.
19:02 of 2nd period - Shot Blocked by Tyler Myers.
19:04 of 2nd period - Slapshot by Colton Parayko.
19:04 of 2nd period - Shot Misses the Net.
19:06 of 2nd period - Slapshot by Cody Ceci.
19:06 of 2nd period - Stopped by Jack Campbell without a rebound.
19:07 of 2nd period - Jonathan Toews wins face-off versus Matthew Beniers in Penguins zone.
19:52 of 2nd period - Snap shot by Jonathan Toews.
19:52 of 2nd period - Stopped by Jack Campbell with a rebound.
19:54 of 2nd period - Slapshot by Colton Parayko.
19:54 of 2nd period - Deflect By Auston Matthews.
19:54 of 2nd period - Stopped by Jack Campbell without a rebound.
19:55 of 2nd period - Nick Suzuki wins face-off versus J.T. Miller in Penguins zone.
Goals for this period are 1 for Golden Seals vs 1 for Penguins.
Shots for this period are 10 for Golden Seals vs 15 for Penguins.

3rd period


0:01 of 3rd period - Nick Suzuki wins face-off versus J.T. Miller in neutral zone.
0:11 of 3rd period - Cale Makar is hit by Robert Hagg and loses puck.
0:26 of 3rd period - Cale Makar is hit by William Karlsson and loses puck.
0:37 of 3rd period - Snap shot by Max Domi.
0:37 of 3rd period - Goal by Max Domi - Golden Seals : 2 - Penguins : 1.
0:38 of 3rd period - J.T. Miller wins face-off versus William Karlsson in neutral zone.
0:42 of 3rd period - Minor Penalty to Jaden Schwartz for Holding.
0:43 of 3rd period - Mikael Granlund wins face-off versus Jason Robertson in Golden Seals zone.
0:43 of 3rd period - Snap shot by Charlie Coyle.
0:43 of 3rd period - Goal by Charlie Coyle - Golden Seals : 2 - Penguins : 2.
0:44 of 3rd period - J.T. Miller wins face-off versus Nick Suzuki in neutral zone.
0:47 of 3rd period - Slapshot by J.T. Miller.
0:47 of 3rd period - Stopped by Andrei Vasilevskiy with a rebound.
1:10 of 3rd period - Jaden Schwartz is hit by Lawson Crouse and loses puck.
1:17 of 3rd period - Snap shot by Matthew Beniers.
1:17 of 3rd period - Goal by Matthew Beniers - Golden Seals : 2 - Penguins : 3.
1:18 of 3rd period - J.T. Miller wins face-off versus William Karlsson in neutral zone.
1:44 of 3rd period - Dysin Mayo is hit by Auston Matthews and loses puck.
1:53 of 3rd period - Snap shot by Auston Matthews.
1:53 of 3rd period - Shot Blocked by Dysin Mayo.
1:57 of 3rd period - Wrist shot by Lawson Crouse.
1:57 of 3rd period - Stopped by Andrei Vasilevskiy with a rebound.
2:47 of 3rd period - Minor Penalty to Cale Makar for Holding Stick.
2:48 of 3rd period - Nick Suzuki wins face-off versus Mikael Granlund in Penguins zone.
3:29 of 3rd period - Charlie Coyle is hit by Jonathan Toews and loses puck.
4:47 of 3rd period - Penalty to Cale Makar is over, Cale Makar is back on ice.
5:02 of 3rd period - Jonathan Toews is hit by T.J. Oshie and loses puck.
5:15 of 3rd period - Jonatan Berggren is hit by Curtis Lazar and loses puck.
5:40 of 3rd period - Icing by William Karlsson.
5:41 of 3rd period - William Karlsson wins face-off versus T.J. Oshie in Golden Seals zone.
5:45 of 3rd period - Off-side.
5:46 of 3rd period - William Karlsson wins face-off versus T.J. Oshie in neutral zone.
5:57 of 3rd period - Slapshot by Jaden Schwartz.
5:57 of 3rd period - Stopped by Jack Campbell without a rebound.
5:58 of 3rd period - Matthew Beniers wins face-off versus Nick Suzuki in Penguins zone.
6:05 of 3rd period - Snap shot by Tyler Toffoli.
6:05 of 3rd period - Stopped by Jack Campbell without a rebound.
6:06 of 3rd period - Nick Suzuki wins face-off versus Matthew Beniers in Penguins zone.
6:07 of 3rd period - Slapshot by Jason Robertson.
6:07 of 3rd period - Shot Blocked by Ethan Bear.
6:09 of 3rd period - Wrist shot by Tyler Toffoli.
6:09 of 3rd period - Deflect By Jason Robertson.
6:09 of 3rd period - Shot Misses the Net.
6:09 of 3rd period - Puck is out of play.
6:10 of 3rd period - Nick Suzuki wins face-off versus Charlie Coyle in Penguins zone.
6:18 of 3rd period - Icing by J.T. Miller.
6:19 of 3rd period - J.T. Miller wins face-off versus Nick Suzuki in Penguins zone.
6:28 of 3rd period - Snap shot by Charlie Coyle.
6:28 of 3rd period - Stopped by Andrei Vasilevskiy with a rebound.
6:30 of 3rd period - Slapshot by Chad Ruhwedel.
6:30 of 3rd period - Stopped by Andrei Vasilevskiy with a rebound.
6:32 of 3rd period - Snap shot by J.T. Miller.
6:32 of 3rd period - Deflect By Nick Suzuki.
6:32 of 3rd period - Shot Misses the Net.
6:32 of 3rd period - Puck is out of play.
6:33 of 3rd period - Matthew Beniers wins face-off versus William Karlsson in Golden Seals zone.
7:29 of 3rd period - Icing by Jonathan Toews.
7:30 of 3rd period - Jonathan Toews wins face-off versus Matthew Beniers in Golden Seals zone.
7:36 of 3rd period - Colton Parayko is hit by Matthew Beniers and loses puck.
8:01 of 3rd period - Snap shot by Bobby Brink.
8:01 of 3rd period - Deflect By Robby Fabbri.
8:01 of 3rd period - Shot Hit the Post.
8:01 of 3rd period - Puck is out of play.
8:02 of 3rd period - J.T. Miller wins face-off versus Nick Suzuki in Penguins zone.
8:28 of 3rd period - Thomas Harley is hit by Derek Ryan.
8:50 of 3rd period - Snap shot by Matthew Beniers.
8:50 of 3rd period - Shot Blocked by Thomas Harley.
9:28 of 3rd period - Slapshot by Barclay Goodrow.
9:28 of 3rd period - Goal by Barclay Goodrow - Golden Seals : 3 - Penguins : 3.
9:29 of 3rd period - William Karlsson wins face-off versus J.T. Miller in neutral zone.
9:32 of 3rd period - Dmitry Orlov is hit by Dysin Mayo and loses puck.
9:56 of 3rd period - Snap shot by Jonathan Toews.
9:56 of 3rd period - Shot Misses the Net.
9:58 of 3rd period - Slapshot by Colton Parayko.
9:58 of 3rd period - Deflect By Cale Makar.
9:58 of 3rd period - Stopped by Jack Campbell with a rebound.
10:26 of 3rd period - Wrist shot by Matthew Beniers.
10:26 of 3rd period - Stopped by Andrei Vasilevskiy without a rebound.
10:27 of 3rd period - William Karlsson wins face-off versus T.J. Oshie in Golden Seals zone.
11:00 of 3rd period - Off-side.
11:01 of 3rd period - Nick Suzuki wins face-off versus J.T. Miller in neutral zone.
12:00 of 3rd period - Slapshot by Mikael Granlund.
12:00 of 3rd period - Stopped by Andrei Vasilevskiy without a rebound.
12:01 of 3rd period - Nick Suzuki wins face-off versus J.T. Miller in Golden Seals zone.
12:14 of 3rd period - Snap shot by Nick Suzuki.
12:14 of 3rd period - Stopped by Jack Campbell with a rebound.
12:28 of 3rd period - Lawson Crouse is hit by Max Domi and loses puck.
13:01 of 3rd period - Slapshot by Mikael Granlund.
13:01 of 3rd period - Shot Misses the Net.
13:03 of 3rd period - Snap shot by T.J. Oshie.
13:03 of 3rd period - Shot Misses the Net.
13:25 of 3rd period - Dysin Mayo is hit by J.T. Miller and loses puck.
13:37 of 3rd period - Off-side.
13:38 of 3rd period - Nick Suzuki wins face-off versus T.J. Oshie in neutral zone.
13:41 of 3rd period - Slapshot by Colton Parayko.
13:41 of 3rd period - Shot Misses the Net.
14:15 of 3rd period - Snap shot by Nick Suzuki.
14:15 of 3rd period - Stopped by Jack Campbell without a rebound.
14:16 of 3rd period - William Karlsson wins face-off versus Matthew Beniers in Penguins zone.
14:29 of 3rd period - Snap shot by Lawson Crouse.
14:29 of 3rd period - Deflect By Auston Matthews.
14:29 of 3rd period - Stopped by Andrei Vasilevskiy without a rebound.
14:30 of 3rd period - J.T. Miller wins face-off versus William Karlsson in Golden Seals zone.
14:37 of 3rd period - Slapshot by Charlie Coyle.
14:37 of 3rd period - Stopped by Andrei Vasilevskiy with a rebound.
14:39 of 3rd period - Slapshot by Charlie Coyle.
14:39 of 3rd period - Stopped by Andrei Vasilevskiy without a rebound.
14:40 of 3rd period - J.T. Miller wins face-off versus William Karlsson in Golden Seals zone.
15:07 of 3rd period - Wrist shot by J.T. Miller.
15:07 of 3rd period - Stopped by Andrei Vasilevskiy with a rebound.
15:09 of 3rd period - Wrist shot by J.T. Miller.
15:09 of 3rd period - Stopped by Andrei Vasilevskiy without a rebound.
15:10 of 3rd period - Jonathan Toews wins face-off versus T.J. Oshie in Golden Seals zone.
15:37 of 3rd period - Matthew Beniers is hit by Jake McCabe and loses puck.
16:28 of 3rd period - T.J. Oshie is hit by Jaden Schwartz and loses puck.
16:39 of 3rd period - Max Domi is hit by Stefan Noesen and loses puck.
16:52 of 3rd period - Lawson Crouse is hit by Robby Fabbri and loses puck.
17:07 of 3rd period - Tyler Myers is hit by Tyler Toffoli and loses puck.
17:18 of 3rd period - Snap shot by Tyler Toffoli.
17:18 of 3rd period - Stopped by Jack Campbell with a rebound.
17:56 of 3rd period - Snap shot by Barclay Goodrow.
17:56 of 3rd period - Shot Misses the Net.
19:01 of 3rd period - Slapshot by Robby Fabbri.
19:01 of 3rd period - Stopped by Jack Campbell with a rebound.
19:03 of 3rd period - Wrist shot by Jonathan Toews.
19:03 of 3rd period - Stopped by Jack Campbell with a rebound.
19:05 of 3rd period - Snap shot by Jake McCabe.
19:05 of 3rd period - Stopped by Jack Campbell without a rebound.
19:06 of 3rd period - Jonathan Toews wins face-off versus J.T. Miller in Penguins zone.
19:36 of 3rd period - Max Domi is hit by T.J. Oshie and loses puck.
Goals for this period are 2 for Golden Seals vs 2 for Penguins.
Shots for this period are 11 for Golden Seals vs 13 for Penguins.

Overtime #1


0:01 of 1st overtime period - J.T. Miller wins face-off versus Nick Suzuki in neutral zone.
0:12 of 1st overtime period - Slapshot by Cale Makar.
0:12 of 1st overtime period - Deflect By J.T. Miller.
0:12 of 1st overtime period - Stopped by Andrei Vasilevskiy without a rebound.
0:13 of 1st overtime period - J.T. Miller wins face-off versus Nick Suzuki in Golden Seals zone.
0:16 of 1st overtime period - Snap shot by J.T. Miller.
0:16 of 1st overtime period - Stopped by Andrei Vasilevskiy with a rebound.
0:40 of 1st overtime period - Tyler Toffoli is hit by Charlie Coyle and loses puck.
1:15 of 1st overtime period - Wrist shot by Mikael Granlund.
1:15 of 1st overtime period - Shot Blocked by William Karlsson.
1:17 of 1st overtime period - Slapshot by Dmitry Orlov.
1:17 of 1st overtime period - Shot Misses the Net.
1:46 of 1st overtime period - Colton Parayko is hit by Curtis Lazar and loses puck.
3:26 of 1st overtime period - Slapshot by Tyler Myers.
3:26 of 1st overtime period - Shot Misses the Net.
3:38 of 1st overtime period - Slapshot by Jaden Schwartz.
3:38 of 1st overtime period - Shot Blocked by Lawson Crouse.
4:12 of 1st overtime period - Snap shot by T.J. Oshie.
4:12 of 1st overtime period - Shot Misses the Net.
4:26 of 1st overtime period - Wrist shot by William Karlsson.
4:26 of 1st overtime period - Stopped by Jack Campbell with a rebound.
4:32 of 1st overtime period - Snap shot by William Karlsson.
4:32 of 1st overtime period - Stopped by Jack Campbell with a rebound.
4:34 of 1st overtime period - Slapshot by Colton Parayko.
4:34 of 1st overtime period - Stopped by Jack Campbell with a rebound.
4:53 of 1st overtime period - Off-side.
4:54 of 1st overtime period - Jonathan Toews wins face-off versus Charlie Coyle in neutral zone.
Goals for this period are 0 for Golden Seals vs 0 for Penguins.
Shots for this period are 3 for Golden Seals vs 2 for Penguins.

ShootOut


5:00 of 1st overtime period - Round #1.
5:00 of 1st overtime period - Golden Seals, Nick Suzuki.
5:00 of 1st overtime period - Deke by Nick Suzuki.
5:00 of 1st overtime period - Stopped by Jack Campbell.
5:00 of 1st overtime period - Penguins, J.T. Miller.
5:00 of 1st overtime period - Snap shot by J.T. Miller.
5:00 of 1st overtime period - Stopped by Andrei Vasilevskiy.
5:00 of 1st overtime period - Round #2.
5:00 of 1st overtime period - Golden Seals, Jason Robertson.
5:00 of 1st overtime period - Wrist shot by Jason Robertson.
5:00 of 1st overtime period - Shot Misses the Net.
5:00 of 1st overtime period - Penguins, T.J. Oshie.
5:00 of 1st overtime period - Deke by T.J. Oshie.
5:00 of 1st overtime period - Goal by T.J. Oshie.
5:00 of 1st overtime period - Round #3.
5:00 of 1st overtime period - Golden Seals, Tyler Toffoli.
5:00 of 1st overtime period - Wrist shot by Tyler Toffoli.
5:00 of 1st overtime period - Stopped by Jack Campbell.




Output by the SimonT Hockey Simulator (STHS) for Eric Tremblay - Original Page W3C HTML5 Valid
Hockey Simulator - Hockey Simulation - Hockey Manager